 Dungeon Crawl Stone Soup version 0.18.1-5-g4a78601 (webtiles) character file.

128150 barb4r1an the Eclecticist (level 16, -6/115 HPs)
             Began as a Purple Draconian Fire Elementalist on May 11, 2016.
             Was the Champion of Vehumet.
             Mangled by a merfolk impaler
             ... wielding a +0 vampiric trident
              (20 damage)
             ... on level 3 of the Shoals.
             The game lasted 02:18:16 (42995 turns).

barb4r1an the Eclecticist (DrFE)                   Turns: 42995, Time: 02:18:17

Health: -6/115     AC: 17    Str:  4 (7)  XL:     16   Next: 47%
Magic:  9/44       EV: 17    Int: 27      God:    Vehumet [******]
Gold:   708        SH:  3    Dex: 18      Spells: 10 memorised, 9 levels left

rFire  + . .     SeeInvis .     S - staff of energy
rCold  x . .     Gourm    .     (armour unavailable)
rNeg   . . .     Faith    .     (no shield)
rPois  +         Spirit   .     (helmet restricted)
rElec  .         Dismiss  .     n - +1 cloak
rCorr  .         Reflect  +     N - +2 pair of gloves {archery}
SustAt .         Harm     .     l - +2 pair of boots {Fly}
MR     +++..     Rnd*Rage +     d - +3 amulet of reflection
Stlth  ++++......               M - ring of the Firefly {rPois MR+ Int+2 Stlth+}
                                Z - ring of the Quahog {Fire MP+9 Str-4 Dex+3 Stlth+}

@: delayed fireball, extremely resistant to hostile enchantments, stealthy
A: breathe power, unfitting armour, stinger 1, agile 2, berserk 1, clever 1,
deterioration 1, mutation resistance 1, robust 1, cold-blooded, AC +9
a: Breathe Dispelling Energy, Renounce Religion, Release Delayed Fireball, Evoke
Flight


You were on level 3 of the Shoals.
You worshipped Vehumet.
Vehumet was exalted by your worship.
You were not hungry.

You visited 5 branches of the dungeon, and saw 26 of its levels.
You also visited: Sewer and Ice Cave.

You collected 2503 gold pieces.
You spent 1795 gold pieces at shops.

Inventory:

Armour
 l - a +2 pair of boots of flying (worn)
 n - a +1 cloak (worn)
 N - a +2 pair of gloves of archery (worn)
Magical Staves
 S - an uncursed staff of energy (weapon)
Jewellery
 b - an uncursed ring of protection from fire
 d - a +3 amulet of reflection (around neck)
 B - an uncursed ring of resist corrosion
 M - the ring of the Firefly (right hand) {rPois MR+ Int+2 Stlth+}
   (You acquired it on level 8 of the Lair of Beasts)

   [ring of intelligence]

   It affects your intelligence (+2).
   It protects you from poison.
   It affects your resistance to hostile enchantments.
   It makes you more stealthy.
 Z - the ring of the Quahog (left hand) {Fire MP+9 Str-4 Dex+3 Stlth+}
   (You found it on level 8 of the Lair of Beasts)

   [ring of fire]

   It enhances your fire magic, and weakens your ice magic.
   It affects your strength (-4).
   It affects your dexterity (+3).
   It protects you from fire.
   It makes you vulnerable to cold.
   It affects your magic capacity (+9).
   It makes you more stealthy.
Wands
 q - a wand of digging (7/24)
 t - a wand of paralysis (8/24)
 y - a wand of teleportation (5/9)
 X - a wand of heal wounds (2/9)
Scrolls
 g - 3 scrolls of enchant weapon {unknown}
 h - 14 scrolls of teleportation
 j - 5 scrolls of blinking
 k - a scroll of magic mapping
 p - 8 scrolls of recharging
 r - 2 scrolls of noise {unknown}
 s - 9 scrolls of remove curse
 z - 5 scrolls of enchant armour
 A - 2 scrolls of fog
 D - 2 scrolls of amnesia
 F - a scroll of brand weapon {unknown}
 H - 2 scrolls of vulnerability {unknown}
 O - 2 scrolls of silence
 P - a scroll of torment {unknown}
 R - 2 scrolls of fear {unknown}
 U - 2 scrolls of holy word {unknown}
Potions
 a - 4 potions of resistance
 c - 3 potions of invisibility
 f - 3 potions of ambrosia
 i - 3 potions of berserk rage
 m - 10 potions of curing
 o - 5 potions of haste
 v - 2 potions of magic
 w - 5 potions of might
 x - 17 potions of heal wounds
 C - 2 potions of agility
 G - 2 potions of cure mutation
 K - 3 potions of flight {unknown}
 T - 6 potions of brilliance
 Y - a potion of cancellation {unknown}
Books
 e - a book of Fire

   Spells                             Type                      Level
   a - Ignite Poison                  Fire/Transmutation/Poison    3
   b - Fireball                       Conjuration/Fire             5
   c - Bolt of Fire                   Conjuration/Fire             6
   d - Delayed Fireball               Conjuration/Fire             7
   e - Ring of Flames                 Charms/Fire                  7
Comestibles
 u - a beef jerky
 E - 10 bread rations
 I - 28 fruits
 J - 9 royal jellies
 L - a slice of pizza
 Q - 2 chunks of flesh
 V - 4 meat rations


   Skills:
 + Level 12.5 Dodging
 - Level 1.8 Stealth
 * Level 15.1 Spellcasting
 * Level 13.6 Conjurations
 - Level 4.0 Translocations
 * Level 14.2 Fire Magic
 * Level 11.4 Earth Magic


You had 9 spell levels left.
You knew the following spells:

 Your Spells              Type           Power        Failure   Level  Hunger
a - Flame Tongue          Conj/Fire      #####        0%          1    None
b - Throw Flame           Conj/Fire      ######       0%          2    None
c - Conjure Flame         Conj/Fire      #######.     1%          3    None
d - Fireball              Conj/Fire      #######...   1%          5    None
e - Blink                 Tloc           N/A          1%          2    None
f - Searing Ray           Conj           ######       0%          2    None
g - Passage of Golubria   Tloc           N/A          6%          4    None
h - Iron Shot             Conj/Erth      ######....   1%          6    None
i - Delayed Fireball      Conj/Fire      N/A          2%          7    None
j - Fire Storm            Conj/Fire      #######...   97%         9    None


Dungeon Overview and Level Annotations

Branches:
Dungeon (12/15)            Temple (1/1) D:4            Lair (8/8) D:9
 Shoals (3/4) Lair:4        Snake (0/4) Lair:5        Slime (0/6) Lair:7
    Orc (2/2) D:11            Elf (0/3) Orc:2

Altars:
Ashenzari
Cheibriados
Dithmenos
Elyvilon
Fedhas
Gozag
Makhleb
Nemelex Xobeh
Pakellas
Qazlal
Ru
Sif Muna
Trog
Vehumet
Xom
Yredelemnul
Zin
The Shining One
Beogh

Shops:
D:9 [   D:11 }   Orc:2 !*}![%=

Annotations:
D:12 Azrael
Shoals:3 Ilsuiw


Innate Abilities, Weirdness & Mutations

You can breathe bolts of dispelling energy.
Your rich purple scales are hard (AC +9).
Your body does not fit into most forms of armour.
You are cold-blooded and may be slowed by cold attacks.
Your tail ends in a poisonous barb.
You are very agile. (Dex +4)
You tend to lose your temper in combat.
Your mind is acute. (Int +2)
Your body sometimes deteriorates upon taking damage.
You are somewhat resistant to further mutation.
You are robust (+10% HP).


Message History

The merfolk impaler hits you but does no damage.
The merfolk completely misses you. The merfolk impaler closely misses you.
The merfolk impaler misses you.
The siren chants a haunting song.
You resist with almost no effort. The merfolk barely misses you.
The merfolk impaler misses you.
The merfolk impaler hits you from afar with a trident of protection!
* * * LOW HITPOINT WARNING * * *
Your body deteriorates!
You feel weakened. The water elemental closely misses you.
You block the merfolk's attack. The merfolk impaler misses you.
The merfolk impaler hits you from afar with a trident of protection!
* * * LOW HITPOINT WARNING * * *
There is a stone staircase leading up, spattered with blood here.
Things that are here:
a sling bullet; a tomahawk The water elemental hits you!
* * * LOW HITPOINT WARNING * * *
The merfolk impaler hits you from afar with a vampiric trident!!
You die...

#.≈≈≈≈≈≈≈≈≈≈≈≈≈ ##
#.≈≈≈≈≈≈≈≈≈≈≈≈≈≈≈...
#.###.≈≈≈≈≈≈≈≈≈≈≈≈≈≈.>.>
..≈≈≈≈≈≈≈≈≈[≈≈≈≈≈≈≈≈≈.#
≈≈≈≈≈≈≈...≈≈≈≈..≈≈≈≈≈## #
≈≈≈≈≈≈.###.≈≈≈≈≈≈≈≈≈≈.##.#
≈≈≈(≈≈.# #.≈≈≈≈≈≈≈≈≈≈≈≈.#
≈≈≈≈≈≈.###.≈≈>≈≈)......#
≈≈≈≈≈≈≈...≈≈≈≈≈≈@.....#
≈...E≈≈≈..≈≈≈m≈E..#####
.####...§.≈≈≈≈mmm.### .#
#####..≈≈≈≈≈≈...# ##
##..≈≈≈≈)≈..## #
#...(..≈≈≈......
#.≈≈##.≈≈≈....... ##
##.≈≈....≈≈≈≈≈≈≈≈≈ .#
###.≈≈≈≈≈≈≈≈≈≈≈≈≈≈≈≈


You could see 2 merfolk impalers, a merfolk, a water elemental and a siren.

Vanquished Creatures
  An orc warlord (Orc:1)
  A deep elf demonologist (Orc:2)
  A merfolk impaler (Shoals:2)
  Josephine (D:11)
  6 hydras
  An ice dragon (Lair:6)
  Erolcha (D:8)
  Erica (D:8)
  4 merfolk avatars
  4 catoblepae (Lair:8)
  4 merfolk aquamancers
  A satyr (Shoals:2)
  16 death yaks
  Sonja (D:12)
  6 orc high priests (Orc:2)
  2 unseen horrors
  5 sea snakes
  2 hill giants
  A phantasmal warrior (D:12)
  17 harpies
  7 orc knights
  6 oklob plants (Lair:7)
  An ugly thing (D:12)
  8 griffons
  2 orc sorcerers
  5 manticores
  12 fauns
  4 water nymphs
  Maurice (D:8)
  13 black mambas
  4 ice statues
  10 elephants
  7 sirens
  A centaur zombie (D:12)
  Joseph (D:9)
  13 spiny frogs
  11 komodo dragons
  3 rime drakes
  5 trolls
  3 polar bears (Lair:6)
  9 merfolk
  A queen bee (Lair:5)
  11 blink frogs
  3 snapping turtles
  A boulder beetle (Lair:7)
  Grinder (D:6)
  A spriggan (Lair:8)
  10 water elementals
  7 wraiths
  57 yaks
  5 wyverns
  4 fire bats (Lair:5)
  Grum (D:9)
  3 hungry ghosts
  4 basilisks
  15 hippogriffs
  Eustachio (D:7)
  5 vampire mosquitoes
  2 wargs
  Menkaure (D:7)
  A mottled dragon (D:11)
  Duvessa (D:4)
  22 water moccasins
  14 porcupines
  12 ice beasts
  3 wasps
  3 phantoms
  44 orc warriors
  12 centaurs
  The ghost of Scarto the Skirmisher, an amateur DsBe of Trog (D:3)
  9 ogres
  18 wolves
  23 crocodiles
  5 big kobolds (D:3)
  Blork the orc (D:4)
  22 giant frogs
  Dowan (D:4)
  3 scorpions
  45 killer bees
  A wight (D:10)
  An electric eel (Lair:5)
  A howler monkey (D:6)
  3 spriggan skeletons (D:10)
  3 crimson imps
  11 hounds
  7 jellies
  31 orc priests
  19 orc wizards
  8 centaur skeletons
  Crazy Yiuf (D:2)
  Jessica (D:3)
  12 iguanas
  12 worker ants
  23 sheep
  A killer bee zombie (D:9)
  A hound zombie (D:5)
  A hound skeleton (D:8)
  A worker ant zombie (D:11)
  10 gnolls
  28 adders
  63 river rats
  A shadow imp (D:9)
  3 white imps (Lair:6)
  5 oozes
  2 adder skeletons
  4 adder zombies
  5 worms
  2 dart slugs (D:2)
  5 giant geckos
  106 orcs
  12 bats
  8 giant cockroaches
  11 goblins
  11 hobgoblins
  4 jackals
  54 kobolds
  7 quokkas
  20 ball pythons
  A giant gecko zombie (D:6)
  5 giant newts
  2 quokka skeletons (D:5)
  A quokka zombie (D:11)
  29 rats
  4 bushes (Lair:7)
  4 fungi
  7 plants
1127 creatures vanquished.

Vanquished Creatures (others)
  A yak (Lair:7)
  38 fungi
  18 plants
57 creatures vanquished.

Grand Total: 1184 creatures vanquished

Notes
Turn   | Place    | Note
--------------------------------------------------------------
     0 | D:1      | barb4r1an the Draconian Fire Elementalist began the quest for the Orb.
     0 | D:1      | Reached XP level 1. HP: 14/14 MP: 3/3
   239 | D:1      | Reached XP level 2. HP: 20/20 MP: 1/5
   243 | D:1      | Learned a level 2 spell: Throw Flame
  1037 | D:1      | You fall through a shaft!
  1037 | D:2      | Found a sparkling altar of Nemelex Xobeh.
  1058 | D:2      | Reached XP level 3. HP: 26/26 MP: 3/6
  1064 | D:2      | Learned a level 3 spell: Conjure Flame
  1814 | D:2      | Found a blossoming altar of Fedhas.
  2164 | D:2      | Noticed Crazy Yiuf
  2178 | D:2      | Killed Crazy Yiuf
  2178 | D:2      | Reached XP level 4. HP: 33/33 MP: 0/8
  2378 | D:3      | Noticed a giant frog
  2382 | D:3      | Killed a giant frog
  2382 | D:3      | Reached skill level 3 in Spellcasting
  2382 | D:3      | Reached XP level 5. HP: 38/38 MP: 4/9
  3247 | D:4      | Found a glowing drain.
  3262 | Sewer    | Entered a sewer
  3465 | Sewer    | Reached XP level 6. HP: 31/45 MP: 8/11
  4904 | Sewer    | Your scales start taking on a rich purple colour.
  4904 | Sewer    | Reached skill level 4 in Spellcasting
  4904 | Sewer    | Reached XP level 7. HP: 18/50 MP: 1/14
  5189 | D:4      | Learned a level 5 spell: Fireball
  5354 | D:4      | Noticed Duvessa
  5354 | D:4      | Noticed Dowan
  5389 | D:4      | Killed Duvessa
  5389 | D:4      | Reached skill level 5 in Fire Magic
  5749 | D:4      | Found a staircase to the Ecumenical Temple.
  5760 | D:4      | Found a sacrificial altar of Ru.
  5768 | Temple   | Entered the Ecumenical Temple
  5789 | Temple   | Became a worshipper of Vehumet
  5932 | D:4      | Found a bloodstained altar of Trog.
  6031 | D:4      | Reached skill level 5 in Spellcasting
  6057 | D:4      | Found an oddly glowing altar of Pakellas.
  6089 | D:4      | Killed Dowan
  6225 | D:4      | Noticed Blork the orc
  6234 | D:4      | Killed Blork the orc
  6922 | D:3      | Noticed Jessica
  6928 | D:3      | Killed Jessica
  6929 | D:3      | Reached * piety under Vehumet
  6929 | D:3      | Offered knowledge of Sting by Vehumet.
  6949 | D:3      | Noticed Scarto's ghost (amateur DsBe)
  7205 | D:3      | Killed Scarto's ghost
  7205 | D:3      | Reached XP level 8. HP: 53/57 MP: 0/16
  7696 | D:3      | Reached ** piety under Vehumet
  7768 | D:3      | Offered knowledge of Sandblast by Vehumet.
  8046 | D:3      | Reached skill level 5 in Conjurations
  8134 | D:3      | Reached skill level 6 in Spellcasting
  8209 | D:3      | Reached skill level 5 in Dodging
  8752 | D:5      | Entered Level 5 of the Dungeon
  8780 | D:5      | Offered knowledge of Static Discharge by Vehumet.
  8969 | D:5      | Reached *** piety under Vehumet
  9202 | D:5      | Found a deep blue altar of Sif Muna.
  9333 | D:5      | Reached XP level 9. HP: 60/62 MP: 10/19
  9372 | D:6      | Found a radiant altar of Vehumet.
  9390 | D:6      | Gained mutation: You are robust (+10% HP). [potion of beneficial mutation]
  9391 | D:6      | Gained mutation: You are agile. (Dex +2) [potion of beneficial mutation]
  9432 | D:6      | Reached skill level 7 in Spellcasting
  9515 | D:6      | Noticed Grinder
  9521 | D:6      | Killed Grinder
  9583 | D:6      | Learned a level 2 spell: Blink
  9588 | D:6      | Found a basalt altar of Yredelemnul.
  9918 | D:6      | Learned a level 2 spell: Searing Ray
  9921 | D:6      | Offered knowledge of Stone Arrow by Vehumet.
 10036 | D:6      | Found a white marble altar of Elyvilon.
 10389 | D:6      | Found a burning altar of Makhleb.
 10867 | D:7      | Noticed Eustachio
 10873 | D:7      | Killed Eustachio
 11187 | D:7      | Reached **** piety under Vehumet
 11419 | D:7      | Noticed Menkaure
 11421 | D:7      | Killed Menkaure
 11421 | D:7      | Reached skill level 8 in Spellcasting
 11703 | D:8      | Offered knowledge of Ignite Poison by Vehumet.
 11715 | D:7      | Reached XP level 10. HP: 74/75 MP: 22/22
 12105 | D:8      | Noticed Erica
 12113 | D:8      | Killed Erica
 12113 | D:8      | Reached skill level 1 in Translocations
 12273 | D:8      | Found a snail-covered altar of Cheibriados.
 12331 | D:8      | Noticed Maurice
 12336 | D:8      | Killed Maurice
 12864 | D:8      | Noticed Erolcha
 12869 | D:8      | Killed Erolcha
 12869 | D:8      | Reached skill level 9 in Spellcasting
 13803 | D:9      | Reached ***** piety under Vehumet
 13870 | D:9      | Reached XP level 11. HP: 55/81 MP: 5/24
 14176 | D:9      | Noticed Grum
 14180 | D:9      | Killed Grum
 14180 | D:9      | Offered knowledge of Airstrike by Vehumet.
 14298 | D:9      | Noticed Joseph
 14313 | D:9      | Killed Joseph
 14891 | D:9      | Found Hetazih's Antique Armour Shop.
 15056 | D:9      | Found a staircase to the Lair.
 15443 | D:10     | Entered Level 10 of the Dungeon
 15478 | D:10     | Killed an unseen horror
 15758 | D:10     | Noticed a hill giant
 15766 | D:10     | Killed a hill giant
 15942 | D:10     | Reached skill level 10 in Spellcasting
 16622 | D:10     | Reached skill level 10 in Fire Magic
 17345 | D:11     | Noticed a hill giant
 17370 | D:11     | Killed a hill giant
 17526 | D:11     | Noticed Josephine
 17569 | D:11     | Killed Josephine
 17957 | D:11     | Reached XP level 12. HP: 89/89 MP: 26/26
 18276 | D:11     | Found a staircase to the Orcish Mines.
 18534 | D:11     | Noticed a seven-headed hydra
 18541 | D:11     | Killed a seven-headed hydra
 18752 | D:11     | Found Pej Qiux's Gadget Emporium.
 19013 | D:11     | Reached skill level 11 in Spellcasting
 19140 | D:11     | Reached skill level 10 in Conjurations
 20087 | D:12     | Found an oddly glowing altar of Pakellas.
 20142 | D:12     | Noticed a death knight
 20427 | D:12     | Noticed Sonja
 20429 | D:12     | Killed Sonja
 20439 | D:12     | Noticed Azrael
 20680 | Lair:1   | Entered Level 1 of the Lair of Beasts
 20708 | Lair:1   | Found a frozen archway.
 20723 | Lair:1   | Offered knowledge of Spellforged Servitor by Vehumet.
 20765 | IceCv    | Entered an ice cave
 21772 | Lair:1   | Reached skill level 10 in Dodging
 22886 | Lair:2   | Reached XP level 13. HP: 94/94 MP: 28/28
 23034 | Lair:2   | Reached skill level 12 in Spellcasting
 24983 | Lair:4   | Found a staircase to the Shoals.
 24987 | Lair:4   | Offered knowledge of Conjure Ball Lightning by Vehumet.
 25501 | Lair:4   | Learned a level 4 spell: Passage of Golubria
 25508 | Lair:4   | Learned a level 6 spell: Iron Shot
 26013 | Lair:5   | Reached skill level 1 in Earth Magic
 26525 | Lair:5   | Found a staircase to the Snake Pit.
 26773 | Lair:5   | Offered knowledge of Bolt of Fire by Vehumet.
 27046 | Lair:5   | Reached ****** piety under Vehumet
 27761 | Lair:5   | Got a shimmering pewter ring
 27763 | Lair:5   | Identified the ring "Osere" {Fire *Contam MR- MP+9 Int+5} (You found it on level 5 of the Lair of Beasts)
 28126 | Lair:6   | Reached skill level 13 in Spellcasting
 28131 | Lair:6   | Reached XP level 14. HP: 102/102 MP: 13/31
 28458 | Lair:6   | Reached skill level 5 in Earth Magic
 29681 | Lair:6   | Offered knowledge of Poison Arrow by Vehumet.
 30440 | Lair:7   | Found a staircase to the Slime Pits.
 31783 | Lair:8   | Entered Level 8 of the Lair of Beasts
 32092 | Lair:8   | Identified 3 scrolls of acquirement
 32115 | Lair:8   | Got a scintillating brass ring
 32117 | Lair:8   | Identified the ring of the Firefly {rPois MR+ Int+2 Stlth+} (You acquired it on level 8 of the Lair of Beasts)
 32150 | Lair:8   | Gained mutation: You tend to lose your temper in combat. [mutagenic glow]
 33193 | Lair:8   | Got a brightly glowing scythe
 33194 | Lair:8   | Identified the +5 scythe of the Thing {venom, rPois rF- rC+} (You found it on level 8 of the Lair of Beasts)
 33769 | Lair:8   | Offered knowledge of Bolt of Cold by Vehumet.
 34044 | Lair:8   | Reached XP level 15. HP: 101/108 MP: 1/32
 35450 | Lair:8   | Got a coiled amber ring
 35460 | Lair:8   | Identified the ring of the Quahog {Fire MP+9 Str-4 Dex+3 Stlth+} (You found it on level 8 of the Lair of Beasts)
 35498 | Lair:8   | Learned a level 7 spell: Delayed Fireball
 35731 | Lair:8   | Reached skill level 14 in Spellcasting
 35986 | Orc:1    | Entered Level 1 of the Orcish Mines
 36317 | Orc:2    | Entered Level 2 of the Orcish Mines
 36454 | Orc:2    | Found a staircase to the Elven Halls.
 36638 | Orc:2    | Found Ammeampi's Jewellery Shop.
 36970 | Orc:2    | Offered knowledge of Ozocubu's Refrigeration by Vehumet.
 37017 | Orc:2    | Found a roughly hewn altar of Beogh.
 38433 | Orc:2    | Found Dekkex's Distillery.
 38433 | Orc:2    | Found Divoxol's Armour Emporium.
 38436 | Orc:2    | Reached skill level 10 in Earth Magic
 38437 | Orc:2    | Found Dukhlaf's Assorted Antiques.
 38437 | Orc:2    | Found Tomurghe's Gadget Shoppe.
 38444 | Orc:2    | Bought a potion of heal wounds for 90 gold pieces
 38444 | Orc:2    | Bought a potion of mutation for 45 gold pieces
 38444 | Orc:2    | Bought a potion of heal wounds for 90 gold pieces
 38444 | Orc:2    | Bought 2 potions of heal wounds for 180 gold pieces
 38445 | Orc:2    | Bought 2 potions of heal wounds for 280 gold pieces
 38449 | Orc:2    | Gained mutation: You are somewhat resistant to further mutation. [potion of mutation]
 38449 | Orc:2    | Gained mutation: You are very agile. (Dex +4) [potion of mutation]
 38450 | Orc:2    | Lost mutation: You are somewhat resistant to further mutation. [potion of mutation]
 38450 | Orc:2    | Gained mutation: You are weak. (Str -2) [potion of mutation]
 38450 | Orc:2    | Gained mutation: Your mind is acute. (Int +2) [potion of mutation]
 38451 | Orc:2    | Gained mutation: Your tail ends in a poisonous barb. [potion of mutation]
 38451 | Orc:2    | Lost mutation: You are weak. (Str -2) [potion of mutation]
 38452 | Orc:2    | Gained mutation: Your body sometimes deteriorates upon taking damage. [potion of mutation]
 38452 | Orc:2    | Gained mutation: You are somewhat resistant to further mutation. [potion of mutation]
 38454 | Orc:2    | Bought a +0 pair of boots of flying for 195 gold pieces
 38472 | Orc:2    | Bought a scroll labeled HITIEM WODITSOBIM for 28 gold pieces
 38472 | Orc:2    | Bought a lumpy blue potion for 25 gold pieces
 38472 | Orc:2    | Bought a clear potion for 25 gold pieces
 38472 | Orc:2    | Bought a scroll labeled BETUCI UFFUN for 28 gold pieces
 38613 | Orc:2    | Found Vulutzos's Distillery.
 38621 | Orc:2    | Bought a potion of invisibility for 96 gold pieces
 38621 | Orc:2    | Bought a potion of heal wounds for 60 gold pieces
 38621 | Orc:2    | Bought a potion of haste for 120 gold pieces
 38621 | Orc:2    | Bought a potion of heal wounds for 60 gold pieces
 38621 | Orc:2    | Bought a potion of agility for 48 gold pieces
 38672 | Orc:2    | Found Raruhebb's Food Boutique.
 39132 | Orc:1    | Noticed an orc warlord
 39137 | Orc:1    | Killed an orc warlord
 39508 | Orc:2    | Bought a +3 amulet of reflection for 425 gold pieces
 39754 | Shoals:1 | Entered Level 1 of the Shoals
 40703 | Shoals:2 | Offered knowledge of Lehudib's Crystal Spear by Vehumet.
 40703 | Shoals:2 | Offered knowledge of Fire Storm by Vehumet.
 40703 | Shoals:2 | Offered knowledge of Chain Lightning by Vehumet.
 40982 | Shoals:2 | Reached XP level 16. HP: 104/115 MP: 34/34
 41855 | Shoals:3 | Noticed Ilsuiw
 42462 | Shoals:2 | Reached skill level 15 in Spellcasting
 42682 | Shoals:2 | Learned a level 9 spell: Fire Storm
 42995 | Shoals:3 | Mangled by a merfolk impaler

Skill      XL: |  1  2  3  4  5  6  7  8  9 10 11 12 13 14 15 16 |
---------------+-------------------------------------------------+-----
Dodging        | 2 3 4 5 6 7 9 10 11 12 | 12.5
Conjurations   | 2 3 4 5 7 8 9 10 11 12 13 | 13.6
Spellcasting   | 3 4 5 6 8 9 10 11 13 14 15 | 15.1
Fire Magic     | 4 5 6 8 9 10 11 12 13 14 | 14.2
Translocations | 3 4 |  4.0
Earth Magic    | 4 8 10 11 | 11.4
Stealth        | |  1.8

Action                   |  1- 3 |  4- 6 |  7- 9 | 10-12 | 13-15 | 16-18 || total
-------------------------+-------+-------+-------+-------+-------+-------++-------
Melee: Unarmed           |     5 |       |       |       |       |       ||     5
       Tailslap          |    22 |     3 |    50 |     1 |    19 |     6 ||   101
       Dagger            |   153 |    40 |   509 |       |       |       ||   702
       Hand axe          |       |       |    14 |    21 |    13 |       ||    48
       Staff             |       |       |       |       |    75 |    34 ||   109
 Cast: Flame Tongue      |    50 |   108 |   321 |   895 |   619 |    12 ||  2005
       Throw Flame       |     4 |    18 |    45 |    64 |   226 |    26 ||   383
       Conjure Flame     |     1 |     3 |     7 |    14 |    10 |       ||    35
       Fireball          |       |       |    11 |   106 |   323 |    47 ||   487
       Searing Ray       |       |       |     4 |     1 |     9 |       ||    14
       Iron Shot         |       |       |       |       |   137 |    36 ||   173
       Delayed Fireball  |       |       |       |       |     4 |     2 ||     6
 Abil: Release Delayed F |       |       |       |       |     4 |     1 ||     5
       Stop Flying       |       |       |       |       |     2 |       ||     2
       Evoke Flight      |       |       |       |       |     1 |       ||     1
Evoke: Wand              |       |     1 |       |     1 |     2 |       ||     4
  Use: Scroll            |     2 |       |     8 |     2 |    17 |     1 ||    30
       Potion            |       |     1 |     2 |     1 |     5 |       ||     9
  Eat: Chunk             |     4 |    10 |    11 |    21 |    55 |     5 ||   106
       Bread ration      |       |       |     4 |       |     1 |       ||     5
       Meat ration       |       |       |       |     7 |     2 |       ||     9
       Royal jelly       |       |       |       |     1 |     6 |       ||     7
       Fruit             |       |       |       |     1 |     2 |       ||     3
Armor: Skin              |    48 |    67 |   214 |    92 |   103 |    16 ||   540
Dodge: Dodged            |   118 |   122 |   448 |   466 |   638 |    78 ||  1870
Block: Other             |       |       |       |       |     3 |     5 ||     8
       Reflection        |       |       |       |       |     2 |       ||     2
